 Dungeon Crawl Stone Soup version 0.18.1-6-gd335043 (webtiles) character file.

21819 mopl the Unseen (level 12, -4/86 HPs)
             Began as a Vampire Transmuter on May 17, 2016.
             Was an Elder of Kikubaaqudgha.
             Slain by a demonic crawler (5 damage)
             ... summoned by a deep elf mage
             ... on level 12 of the Dungeon.
             The game lasted 00:45:40 (19886 turns).

mopl the Unseen (Vampire Transmuter)               Turns: 19886, Time: 00:45:41

Health: -4/86      AC:  7    Str:  9    XL:     12   Next: 57%
Magic:  17/19      EV: 12    Int: 16    God:    Kikubaaqudgha [****..]
Gold:   907        SH:  0    Dex: 19    Spells: 7 memorised, 0 levels left

rFire  + . .     SeeInvis +     a - +2 short sword (speed)
rCold  + + .     Gourm    .     V - +1 robe {rC+}
rNeg   + + +     Faith    +     N - +0 buckler
rPois  +         Spirit   .     s - +0 helmet
rElec  .         Dismiss  .     r - +0 cloak
rCorr  .         Reflect  .     (no gloves)
SustAt .         Harm     .     j - +1 pair of boots
MR     +....     Clarity  +     T - amulet of faith {!P}
Stlth  +++++++++.               k - +5 ring of evasion
                                C - ring of fire

@: held, regenerating slowly, somewhat resistant to hostile enchantments,
incredibly stealthy
A: fangs 3, see invisible, clarity, unbreathing
a: Bat Form, Receive Corpses, Renounce Religion


You were on level 12 of the Dungeon.
You worshipped Kikubaaqudgha.
Kikubaaqudgha was greatly pleased with you.
You were near bloodless.

You visited 2 branches of the dungeon, and saw 14 of its levels.
You also visited: Sewer.

You collected 953 gold pieces.

Inventory:

Hand Weapons
 a - a +2 short sword of speed (weapon)
 b - a +0 blowgun
 c - a +2 dagger of venom
Missiles
 v - 65 poisoned needles
 D - 2 throwing nets (quivered)
 G - 272 arrows
Armour
 j - a +1 pair of boots (worn)
 r - a +0 cloak (worn)
 s - a +0 helmet (worn)
 x - a steam dragon hide
 N - a +0 buckler (worn)
 V - a +1 robe of cold resistance (worn)
Jewellery
 k - a +5 ring of evasion (right hand)
 C - a ring of fire (left hand)
 T - an amulet of faith (around neck) {!P}
Wands
 i - a wand of lightning (1/15)
 B - a wand of iceblast (6/15)
 F - a wand of acid (7/15)
 L - a wand of lightning (9/15)
 S - a wand of digging (5/24)
Scrolls
 f - a scroll of noise {unknown}
 h - 7 scrolls of identify
 n - 2 scrolls of random uselessness {unknown}
 o - 2 scrolls of recharging {unknown}
 p - 4 scrolls of teleportation
 q - 3 scrolls of remove curse
 u - a scroll of torment {unknown}
 y - a scroll of magic mapping {unknown}
 A - a scroll of immolation {unknown}
 J - a scroll of summoning {unknown}
 M - a scroll of fear {unknown}
 R - a scroll of fog
Potions
 d - 9 potions of blood
 e - 4 potions of might
 g - 4 potions of magic
 l - 9 potions of curing
 m - 5 potions of heal wounds
 E - a potion of flight
 H - a potion of ambrosia
 I - a potion of haste
 O - a potion of agility
 U - a potion of resistance
Books
 K - a book of Envenomations

   Spells                             Type                      Level
   a - Spider Form                    Transmutation/Poison         3
   b - Olgreb's Toxic Radiance        Poison                       4
   c - Alistair's Intoxication        Transmutation/Poison         5
   d - Poisonous Cloud                Conjuration/Poison/Air       6
Miscellaneous
 t - a box of beasts
 w - a plain deck of war {drawn: 3}
 z - an ornate deck of wonders
 X - a plain deck of changes


   Skills:
 + Level 5.5 Fighting
 + Level 9.9 Short Blades
 + Level 7.3 Dodging
 * Level 18.2 Stealth
 - Level 4.0 Shields
 - Level 3.2 Unarmed Combat
 - Level 5.0 Spellcasting
 + Level 9.9 Necromancy
 - Level 2.1 Transmutations


You couldn't memorise any spells.
You knew the following spells:

 Your Spells              Type           Power        Failure   Level  Hunger
a - Death Channel         Necr           #####.....   41%         6    #######
b - Ensorcelled Hibernat  Hex/Ice        #.....       24%         2    #......
c - Corpse Rot            Necr           N/A          1%          2    #......
d - Dispel Undead         Necr           #####...     10%         5    ######.
r - Regeneration          Chrm/Necr      ###.......   8%          3    ###....
w - Sticks to Snakes      Trmt           ##......     12%         2    #......
x - Animate Skeleton      Necr           N/A          1%          1    None


Dungeon Overview and Level Annotations

Branches:
Dungeon (12/15)            Temple (0/1) D:4            Lair (2/8) D:11
    Orc (0/2) D:12

Altars:
Ashenzari
Elyvilon
Fedhas
Gozag
Kikubaaqudgha
Makhleb
Nemelex Xobeh
Okawaru
Pakellas
Qazlal
Ru
Trog
Xom
Zin

Annotations:
D:9 Yehuk's ghost, journeyman GrFi


Innate Abilities, Weirdness & Mutations

You heal slowly.
You have razor-sharp teeth.
You have supernaturally acute eyesight.
You can survive without breathing.
You possess an exceptional clarity of mind.


Message History

As you read the scroll labeled RYCLES MIGHIEKH, it crumbles to dust.
The scroll dissolves into smoke.
It was a scroll of fog.
The demonic crawler barely misses you.
The demonic crawler hits you but does no damage.
The demonic crawler closely misses you.
Evoke which item? (* to show all) (? for menu, Esc to quit)
Okay, then.
Unknown command.
Unknown command.
You struggle to detach yourself from the web.
The demonic crawler hits you.
* * * LOW HITPOINT WARNING * * *
The demonic crawler closely misses you. The demonic crawler hits you.
* * * LOW HITPOINT WARNING * * *
You struggle to detach yourself from the web.
The demonic crawler barely misses you. The demonic crawler hits you.
* * * LOW HITPOINT WARNING * * *
The demonic crawler hits you.
You die...
Kikubaaqudgha rasps: "You have failed me!
Welcome... oblivion!"

.# #.##.##..#.#.##.## #.... ##
#).##...##.##.#..# ####.
#.#####...#.#..### #.
########...>..).....# ## #.>.#
#.#..#..###.## #
#...####...###...#.# #
#...##.....§.§##..#### #
#...#....#§§#§§..#.#.## #
###...##....##@#).#.....### #
###.'...##§###Os§##.#)#)###.#####
)...#...##.#e.##.§..).)).##....##
#####...##.g#.####..##.)..#.##..'
# #...###§#.# #.###.##.†.#####
#...# #§### ### ######## #
########O# # ######.##.§#
#........g## ####+##


You could see a demonic crawler, a deep elf mage, a two-headed ogre and a
goblin.

Vanquished Creatures
  Fannar (D:10)
  3 unseen horrors
  2 hill giants
  An ugly thing (D:12)
  An oklob plant (D:12)
  2 centaur zombies
  Psyche (D:10)
  2 spiny frogs
  A black mamba (Lair:2)
  3 komodo dragons
  6 blink frogs
  A two-headed ogre (D:10)
  A shadow (D:12)
  Eustachio (D:6)
  8 yaks
  3 hungry ghosts
  3 vampire mosquitoes (D:12)
  A steam dragon (D:12)
  Grum (D:10)
  4 hippogriffs
  A warg (D:12)
  3 porcupines
  4 water moccasins
  A hell hound (D:11)
  5 sky beasts
  A black bear (D:9)
  2 eyes of draining (D:6)
  4 ice beasts
  2 orc warriors
  11 ogres
  3 wolves
  2 wasps
  2 necrophages
  12 centaurs
  4 crocodiles
  3 big kobolds
  21 giant frogs
  A wyvern zombie (D:12)
  5 scorpions
  A water moccasin skeleton (D:10)
  A killer bee (D:7)
  4 wights
  3 spriggan skeletons (D:11)
  5 howler monkeys
  5 crimson imps
  9 hounds
  A wasp zombie (D:12)
  A giant frog zombie (D:10)
  A quasit (D:10)
  2 jellies
  A gnoll shaman (D:9)
  3 giant frog skeletons
  8 centaur skeletons
  9 orc priests
  15 orc wizards
  6 iguanas
  4 worker ants
  8 sheep (Lair:1)
  A hound zombie (D:11)
  A hound skeleton (D:5)
  A worker ant zombie (D:7)
  5 gnolls
  A howler monkey skeleton (D:6)
  18 adders
  21 river rats
  3 shadow imps
  2 oozes
  2 adder zombies
  A worm (D:4)
  2 adder skeletons
  5 giant geckos
  41 orcs
  5 giant cockroaches
  8 goblins
  9 hobgoblins
  15 jackals
  2 quokkas
  5 ball pythons
  4 bats
  15 giant newts
  24 kobolds
  2 quokka skeletons
  A quokka zombie (D:9)
  9 rats
  6 plants (Sewer)
429 creatures vanquished.

Vanquished Creatures (collateral kills)
  A cyclops (D:11)
  A spiny frog (Lair:2)
  2 gargoyles
  A blink frog (Lair:2)
  A hippogriff (D:8)
  A water moccasin (Lair:2)
  A porcupine (Lair:2)
  A phantom (D:6)
  A crocodile (Lair:2)
  2 giant frogs (Lair:2)
  A jelly (D:6)
  An orc priest (D:10)
  A giant frog skeleton (D:11)
  2 gnolls (D:8)
  An adder (D:2)
  A river rat (Lair:2)
  4 orcs
  A hobgoblin (D:3)
  A quokka skeleton (D:6)
  A rat (D:3)
26 creatures vanquished.

Vanquished Creatures (others)
  An orc wizard (D:8)
  A bush (Lair:2)
  A fungus (Lair:2)
3 creatures vanquished.

Grand Total: 458 creatures vanquished

Notes
Turn   | Place    | Note
--------------------------------------------------------------
     0 | D:1      | mopl the Vampire Transmuter began the quest for the Orb.
     0 | D:1      | Reached XP level 1. HP: 14/14 MP: 3/3
    46 | D:1      | Reached skill level 1 in Stealth
   319 | D:1      | Reached skill level 2 in Stealth
   336 | D:1      | Reached XP level 2. HP: 15/20 MP: 5/5
   457 | D:1      | Found a sparkling altar of Nemelex Xobeh.
   727 | D:1      | Reached skill level 1 in Short Blades
   993 | D:1      | Reached skill level 3 in Stealth
  1321 | D:2      | Found a white marble altar of Elyvilon.
  1377 | D:2      | Reached XP level 3. HP: 3/25 MP: 6/6
  1379 | D:2      | HP: 1/25 [poisoned by an adder]
  1395 | D:1      | Learned a level 2 spell: Sticks to Snakes
  1698 | D:2      | Reached skill level 4 in Stealth
  2074 | D:2      | Reached skill level 2 in Short Blades
  2138 | D:2      | Found an oddly glowing altar of Pakellas.
  2139 | D:2      | Noticed an ice dragon
  2383 | D:3      | Found an opulent altar of Gozag.
  3104 | D:2      | Reached XP level 4. HP: 7/31 MP: 1/7
  3472 | D:3      | Reached skill level 5 in Stealth
  3868 | D:3      | Found an ancient bone altar of Kikubaaqudgha.
  3913 | D:3      | Became a worshipper of Kikubaaqudgha
  4262 | D:3      | You fall through a shaft!
  4286 | D:4      | Reached XP level 5. HP: 24/36 MP: 8/8
  4314 | D:4      | Reached skill level 6 in Stealth
  4399 | D:4      | Reached skill level 3 in Short Blades
  4746 | D:4      | Found a staircase to the Ecumenical Temple.
  4769 | D:4      | Found a shattered altar of Ashenzari.
  4885 | D:4      | Reached skill level 1 in Necromancy
  4897 | D:4      | Reached skill level 7 in Stealth
  4996 | D:4      | Noticed an ogre
  5090 | D:4      | Gained mutation: You possess an exceptional clarity of mind. [helix card]
  5191 | D:4      | Reached XP level 6. HP: 25/42 MP: 9/9
  5396 | D:5      | Entered Level 5 of the Dungeon
  5448 | D:5      | Found a shimmering altar of Xom.
  5671 | D:5      | Found a glowing drain.
  5718 | Sewer    | Entered a sewer
  6754 | D:5      | Reached skill level 4 in Short Blades
  6754 | D:5      | Reached skill level 2 in Necromancy
  6771 | D:5      | Found a stormy altar of Qazlal.
  6784 | D:5      | Reached skill level 8 in Stealth
  7028 | D:5      | Reached XP level 7. HP: 42/47 MP: 10/10
  7187 | D:6      | Reached skill level 9 in Stealth
  7187 | D:6      | Reached skill level 3 in Necromancy
  7223 | D:6      | Reached * piety under Kikubaaqudgha
  7223 | D:6      | Received a gift from Kikubaaqudgha
  7224 | D:6      | Identified Kikubaaqudgha's Tome of Dark Rites (Kikubaaqudgha gifted it to you on level 6 of the Dungeon)
  7227 | D:6      | Learned a level 1 spell: Animate Skeleton
  7230 | D:6      | Learned a level 2 spell: Corpse Rot
  7234 | D:6      | Learned a level 3 spell: Regeneration
  7261 | D:6      | Reached skill level 10 in Stealth
  7263 | D:6      | Reached skill level 5 in Short Blades
  7298 | D:6      | Noticed Eustachio
  7307 | D:6      | Killed Eustachio
  7307 | D:6      | Reached skill level 4 in Necromancy
  7307 | D:6      | Reached XP level 8. HP: 53/53 MP: 11/11
  7452 | D:6      | Found a sparkling altar of Nemelex Xobeh.
  7461 | D:6      | Reached skill level 11 in Stealth
  7676 | D:6      | Found a bloodstained altar of Trog.
  7705 | D:6      | Reached skill level 3 in Spellcasting
  7975 | D:6      | Reached skill level 5 in Necromancy
  7980 | D:6      | Reached skill level 6 in Short Blades
  7980 | D:6      | Reached skill level 12 in Stealth
  8303 | D:6      | Reached XP level 9. HP: 11/58 MP: 8/14
  8793 | D:7      | Reached skill level 4 in Spellcasting
  9034 | D:7      | Found a glowing silver altar of Zin.
  9034 | D:7      | Found an iron altar of Okawaru.
  9072 | D:7      | Reached skill level 13 in Stealth
  9470 | D:8      | Reached skill level 6 in Necromancy
  9542 | D:8      | Reached skill level 7 in Short Blades
  9962 | D:8      | Reached skill level 1 in Shields
 10445 | D:8      | Reached skill level 1 in Fighting
 10445 | D:8      | Reached skill level 5 in Spellcasting
 10571 | D:8      | Reached XP level 10. HP: 55/65 MP: 14/17
 10637 | D:8      | Noticed a hill giant
 10638 | D:8      | Noticed a gargoyle
 10651 | D:8      | Reached skill level 14 in Stealth
 10686 | D:8      | Killed a hill giant
 10698 | D:9      | Reached skill level 2 in Shields
 10747 | D:8      | Reached skill level 3 in Dodging
 10881 | D:8      | Reached skill level 7 in Necromancy
 11376 | D:9      | Reached skill level 2 in Fighting
 11617 | D:9      | Noticed Yehuk's ghost (journeyman GrFi)
 12052 | D:8      | Killed a gargoyle
 12440 | D:4      | Found an oddly glowing altar of Pakellas.
 12689 | D:9      | Reached skill level 3 in Shields
 12973 | D:9      | Found a sacrificial altar of Ru.
 12974 | D:9      | Found a blossoming altar of Fedhas.
 13054 | D:9      | Found a shattered altar of Ashenzari.
 13170 | D:10     | Entered Level 10 of the Dungeon
 13174 | D:10     | Noticed Fannar
 13233 | D:10     | Noticed Grum
 13269 | D:9      | Reached skill level 8 in Short Blades
 13386 | D:10     | Killed Grum
 13445 | D:10     | Reached skill level 4 in Dodging
 13541 | D:10     | Noticed an unseen horror
 13568 | D:10     | Killed an unseen horror
 13568 | D:10     | Reached skill level 15 in Stealth
 13936 | D:10     | Killed Fannar
 13936 | D:10     | Reached skill level 3 in Fighting
 13936 | D:10     | Reached XP level 11. HP: 19/75 MP: 16/18
 14039 | D:10     | Noticed Psyche
 14059 | D:10     | Killed Psyche
 14059 | D:10     | Reached skill level 8 in Necromancy
 14213 | D:10     | Noticed an unseen horror
 14215 | D:10     | Found a sacrificial altar of Ru.
 14216 | D:10     | Killed an unseen horror
 14216 | D:10     | Reached skill level 4 in Shields
 14592 | D:11     | Reached ** piety under Kikubaaqudgha
 14624 | D:11     | Reached skill level 5 in Dodging
 14681 | D:11     | Reached skill level 16 in Stealth
 14746 | D:11     | Got an ancient whip
 15117 | D:11     | Found a staircase to the Lair.
 15476 | Lair:1   | Entered Level 1 of the Lair of Beasts
 15952 | Lair:1   | Reached skill level 4 in Fighting
 16305 | Lair:1   | Reached skill level 9 in Short Blades
 16847 | Lair:2   | Reached skill level 6 in Dodging
 16944 | Lair:2   | Reached skill level 17 in Stealth
 17077 | Lair:2   | Reached *** piety under Kikubaaqudgha
 17077 | Lair:2   | Received a gift from Kikubaaqudgha
 17115 | Lair:2   | Identified Kikubaaqudgha's Tome of Black Rites (Kikubaaqudgha gifted it to you on level 2 of the Lair of Beasts)
 17122 | Lair:2   | Learned a level 5 spell: Dispel Undead
 17129 | Lair:2   | Learned a level 6 spell: Death Channel
 17275 | Lair:2   | Reached skill level 9 in Necromancy
 17595 | Lair:2   | Noticed a seven-headed hydra
 18064 | Lair:2   | Reached XP level 12. HP: 58/84 MP: 19/19
 18412 | Lair:2   | Reached skill level 5 in Fighting
 18537 | Lair:1   | Learned a level 2 spell: Ensorcelled Hibernation
 18604 | D:11     | Reached **** piety under Kikubaaqudgha
 18627 | D:11     | Noticed a death knight
 19067 | D:12     | Found a burning altar of Makhleb.
 19200 | D:12     | Reached skill level 18 in Stealth
 19226 | D:12     | Reached skill level 7 in Dodging
 19469 | D:12     | Found a staircase to the Orcish Mines.
 19885 | D:12     | HP: 4/86 [demonic crawler[a deep elf mage] (1)]
 19886 | D:12     | HP: 1/86 [demonic crawler[a deep elf mage] (3)]
 19886 | D:12     | Slain by a demonic crawler

Skill      XL: |  1  2  3  4  5  6  7  8  9 10 11 12 |
---------------+-------------------------------------+-----
Stealth        | 2 3 4 5 7 8 10 12 13 15 17 18 | 18.2
Short Blades   | 1 2 3 4 5 6 7 8 9 |  9.9
Necromancy     | 1 2 4 5 6 7 9 |  9.9
Spellcasting   | 3 5 |  5.0
Shields        | 1 3 4 |  4.0
Fighting       | 1 3 4 5 |  5.5
Dodging        | 4 6 7 |  7.3
Unarmed Combat | |  3.2
Transmutations | |  2.1

Action                   |  1- 3 |  4- 6 |  7- 9 | 10-12 || total
-------------------------+-------+-------+-------+-------++-------
Melee: Short sword       |   102 |   533 |   386 |  1580 ||  2601
       Unarmed           |     3 |       |       |       ||     3
       Bite              |     4 |    71 |    38 |   189 ||   302
       Long sword        |    14 |    53 |       |       ||    67
       Punch             |     1 |    12 |     6 |     6 ||    25
 Fire: Blowgun           |       |     5 |       |    13 ||    18
Throw: Throwing net      |       |     1 |       |       ||     1
 Cast: Sticks to Snakes  |     4 |     8 |       |     1 ||    13
       Regeneration      |       |       |    17 |    46 ||    63
       Animate Skeleton  |       |       |    15 |    16 ||    31
       Corpse Rot        |       |       |    12 |    27 ||    39
Invok: Receive Corpses   |       |       |     8 |    12 ||    20
 Abil: End Transformatio |       |     3 |       |       ||     3
       Bat Form          |       |     3 |       |       ||     3
Evoke: Deck              |       |     4 |       |     9 ||    13
       Wand              |       |     8 |     4 |       ||    12
  Use: Potion            |     6 |     9 |     5 |    14 ||    34
       Scroll            |       |     6 |     6 |     8 ||    20
 Stab: Sleeping          |     7 |    11 |    26 |    59 ||   103
       Held in net/web   |       |     2 |       |       ||     2
       Distracted        |       |     2 |     1 |    10 ||    13
       Invisible         |       |       |       |     1 ||     1
Armor: Robe              |    26 |    49 |    45 |   130 ||   250
Dodge: Dodged            |    75 |   133 |   125 |   886 ||  1219
Block: Buckler           |       |       |       |   230 ||   230
